 Dungeon Sprint DCSS version 0.18.1-50-g88ac8fd (webtiles) character file.

732 Kagutsuchi the Fighter (level 7, -23/81 HPs)
             Began as a Red Draconian Berserker on Oct 21, 2016.
             Was a Priest of Trog.
             Annihilated by a polar bear (24 damage)
             ... in the Dungeon (Sprint II: "The Violet Keep of Menkaure").
             The game lasted 00:03:33 (296 turns).

Kagutsuchi the Fighter (Red Draconian Berserker)     Turns: 296, Time: 00:03:33

Health: -23/81     AC:  7    Str: 20    XL:     7   Next: 45%
Magic:  7/7        EV: 16    Int:  5    God:    Trog [***...]
Gold:   32         SH:  0    Dex: 12    Spells: 0 memorised, 6 levels left

rFire  + . .     SeeInvis .     a - +0 falchion
rCold  . . .     Gourm    .     (armour unavailable)
rNeg   . . .     Faith    .     (no shield)
rPois  .         Spirit   .     (helmet restricted)
rElec  .         Dismiss  .     (no cloak)
rCorr  .         Reflect  .     (no gloves)
SustAt .         Harm     .     (no boots)
MR     .....     NoTele   +     (no amulet)
Stlth  +.........               (no ring)
                                (no ring)

@: short of breath, not resistant to hostile enchantments, very unstealthy
A: breathe fire, unfitting armour, blurry vision 1, dopey 1, fire resistance 1,
robust 1, shaggy fur 1, cold-blooded, AC +6
a: Breathe Fire, Berserk, Trog's Hand, Burn Spellbooks, Renounce Religion


You were in the Dungeon.
You worshipped Trog.
Trog was most pleased with you.
You were not hungry.

You visited 1 branch You collected 243 gold pieces.
You spent 211 gold pieces at shops.

Inventory:

Hand Weapons
 a - a +0 falchion (weapon)
Scrolls
 h - a scroll of blinking
Potions
 e - a potion of haste
 f - 2 potions of magic
 g - a potion of berserk rage
Comestibles
 b - a bread ration


   Skills:
 + Level 11.2 Fighting
 + Level 9.9 Long Blades
 + Level 8.9 Dodging


You had 6 spell levels left.
You didn't know any spells.

Dungeon Overview and Level Annotations

Branches:
Dungeon (1/1)

Altars:
Cheibriados
Dithmenos
Elyvilon
Fedhas
Gozag
Kikubaaqudgha
Nemelex Xobeh
Okawaru
Pakellas
Qazlal
Ru
Trog
Vehumet
Yredelemnul
The Shining One
Jiyva
Lugonu

Shops:
D =(:}(!%:=%}[[?*!

Annotations:
D exclusion: oklob plant


Innate Abilities, Weirdness & Mutations

You can breathe blasts of fire.
Your fiery red scales are hard (AC +6).
Your body does not fit into most forms of armour.
Your flesh is heat resistant.
You are cold-blooded and may be slowed by cold attacks.
Scrolls take you a little longer to read.
You are dopey. (Int -2)
You are robust (+10% HP).
You are covered in fur (AC +1).


Message History

The polar bear misses you.
The polar bear claws you but does no damage.
The polar bear barely misses you.
Unknown command.
You slash the polar bear!
The polar bear is severely wounded.
The polar bear barely misses you. x2; The polar bear misses you.
Unknown command.
Your unstable footing causes you to fumble your attack.
The polar bear barely misses you.
The polar bear claws you but does no damage.
The polar bear completely misses you.
You hit the polar bear.
The polar bear is almost dead.
The polar bear closely misses you. The polar bear misses you.
The polar bear closely misses you.
The polar bear goes berserk!
You closely miss the polar bear.
The polar bear is almost dead.
The polar bear bites you!!
You die...

.##+##..# ## ##.#### ##
# #....# .# # ###..## .#
###+# #.##..# .# #
.##.##.# #..# c# h#
.).<.†# +..### .##.# !
.##.##.# #....###h..##▓▓
###+# #.##......@hy≈≈≈≈≈
# ###≈§§....≈#+##### #
#≈≈≈§≈≈§§§§#...... #
#≈≈≈≈≈≈≈§§§#...._. ≈#
#≈≈≈≈≈≈§≈≈≈≈#..._._
≈≈≈≈≈≈≈≈§§§§§≈§≈≈#.._._.
++#+++#≈≈≈§§§§≈≈#._._._
##≈≈≈###≈≈#_._._. ##§≈#
#≈≈#._._._


You could see 2 polar bears, a yaktaur and a wasp.

Vanquished Creatures
  A siren (D)
  2 hippogriffs (D)
  Menkaure (D)
  A crocodile (D)
5 creatures vanquished.

Notes
Turn   | Place    | Note
--------------------------------------------------------------
     0 | D        | Kagutsuchi the Draconian Berserker began the quest for the Orb.
     0 | D        | Reached XP level 1. HP: 19/19 MP: 1/1
     1 | D        | Noticed a hippogriff
     1 | D        | Noticed a hippogriff
     9 | D        | Killed a hippogriff
     9 | D        | Reached skill level 7 in Fighting
     9 | D        | Reached skill level 5 in Dodging
     9 | D        | Reached XP level 2. HP: 17/34 MP: 2/2
     9 | D        | Reached XP level 3. HP: 19/39 MP: 3/3
     9 | D        | Reached XP level 4. HP: 23/47 MP: 4/4
    17 | D        | Killed a hippogriff
    17 | D        | Reached ** piety under Trog
    17 | D        | Reached skill level 8 in Fighting
    17 | D        | Reached XP level 5. HP: 14/56 MP: 5/5
    20 | D        | Noticed a siren
    45 | D        | Killed a siren
    45 | D        | Reached skill level 10 in Fighting
    45 | D        | Reached XP level 6. HP: 36/67 MP: 6/6
    45 | D        | Your scales start taking on a fiery red colour.
    45 | D        | Reached XP level 7. HP: 39/73 MP: 7/7
    45 | D        | Gained mutation: Your flesh is heat resistant. [Red Draconian growth]
    93 | D        | Found Ralouh's Food Emporium.
    93 | D        | Found Janoch's Antique Armour Emporium.
    93 | D        | Found Wunnogga's Magic Scroll Emporium.
    93 | D        | Found Ykuhor's Jewellery Shoppe.
    93 | D        | Found Pogeghak's Gadget Shoppe.
    94 | D        | Found Huky's Book Shoppe.
    94 | D        | Found Fit Qay's Distillery.
    94 | D        | Found Fyjeus's Antique Armour Shoppe.
    94 | D        | Found Niotuqio's Assorted Antiques.
    95 | D        | Found Ukkaat's Food Shoppe.
    95 | D        | Found Vutal's Distillery.
    95 | D        | Noticed a hippogriff
    97 | D        | Found Cydegoud's Weapon Emporium.
    97 | D        | Found Odybais's Gadget Shoppe.
    97 | D        | Noticed Menkaure
    97 | D        | Noticed a hippogriff
    97 | D        | Noticed a hippogriff
    97 | D        | Noticed an oklob plant
    98 | D        | Found Feumm's Antique Weapon Shoppe.
    98 | D        | Found Seammawi's Book Shoppe.
    98 | D        | Found Juc Rowo's Jewellery Emporium.
    98 | D        | Noticed a hell hog
    99 | D        | Noticed a hell hog
   115 | D        | Killed Menkaure
   115 | D        | Reached *** piety under Trog
   115 | D        | Reached skill level 11 in Fighting
   124 | D        | Bought a potion of mutation for 25 gold pieces
   124 | D        | Bought a potion of heal wounds for 50 gold pieces
   134 | D        | Bought a potion of curing for 39 gold pieces
   134 | D        | Bought a potion of heal wounds for 65 gold pieces
   134 | D        | Bought a potion of mutation for 32 gold pieces
   134 | D        | Gained mutation: You are robust (+10% HP). [potion of mutation]
   134 | D        | Gained mutation: You are covered in fur (AC +1). [potion of mutation]
   140 | D        | Gained mutation: You are dopey. (Int -2) [potion of mutation]
   140 | D        | Gained mutation: Scrolls take you a little longer to read. [potion of mutation]
   269 | D        | Found a white marble altar of Elyvilon.
   270 | D        | Found a radiant altar of Vehumet.
   270 | D        | Found a corrupted altar of Lugonu.
   271 | D        | Found an oddly glowing altar of Pakellas.
   271 | D        | Found an ancient bone altar of Kikubaaqudgha.
   271 | D        | Found a bloodstained altar of Trog.
   271 | D        | Found a shadowy altar of Dithmenos.
   272 | D        | Found a basalt altar of Yredelemnul.
   272 | D        | Found a sparkling altar of Nemelex Xobeh.
   272 | D        | Found a blossoming altar of Fedhas.
   273 | D        | Found a sacrificial altar of Ru.
   273 | D        | Found a stormy altar of Qazlal.
   273 | D        | Found an iron altar of Okawaru.
   273 | D        | Found a viscous altar of Jiyva.
   273 | D        | Noticed a polar bear
   274 | D        | Found a glowing golden altar of the Shining One.
   274 | D        | Found an opulent altar of Gozag.
   274 | D        | Found a snail-covered altar of Cheibriados.
   275 | D        | Noticed a polar bear
   276 | D        | Noticed a polar bear
   277 | D        | Noticed a yaktaur
   291 | D        | HP: 4/81 [polar bear (10)]
   292 | D        | HP: 1/81 [polar bear (2)]
   296 | D        | Annihilated by a polar bear

Skill      XL: |  1  2  3  4  5  6  7 |
---------------+----------------------+-----
Fighting       | 7 8 10 11 | 11.2
Long Blades    | 6 7 9 |  9.9
Dodging        | 5 7 8 |  8.9

Action                   |  1- 3 |  4- 6 |  7- 9 || total
-------------------------+-------+-------+-------++-------
Melee: Falchion          |     5 |    25 |    22 ||    52
       Tailslap          |     2 |     4 |     2 ||     8
Invok: Berserk           |     1 |       |       ||     1
 Abil: Breathe Fire      |       |       |     2 ||     2
  Use: Potion            |       |     1 |     6 ||     7
Armor: Skin              |     1 |     2 |    19 ||    22
Dodge: Dodged            |     6 |    11 |    56 ||    73
